[Event "FIDE WCCC G12 2018"]
[Site "Santiago de Compostela"]
[Date "2018.11.11"]
[Round "7"]
[White "Nadzamova, Viktoria"]
[Black "Francisco Guecamburu, Candela Be"]
[Result "1-0"]
[ECO "B38"]
[WhiteElo "1923"]
[BlackElo "1725"]
[Annotator "NA RC"]
[PlyCount "115"]
[EventDate "2018.11.04"]
[EventType "swiss"]
[EventCountry "ESP"]
[SourceTitle "playchess.com"]
[Source "ChessBase"]
[SourceQuality "1"]
[TimeControl "40/5400+30:1800+30"]

1. e4 c5 2. Nf3 g6 3. d4 cxd4 4. Nxd4 Bg7 5. c4 Nc6 6. Be3 Nf6 7. Nc3 d6 8. Be2 O-O 9. O-O Bd7 10. b3 Nxd4 11. Bxd4 Bc6 12. f3 {[%emt 0:01:07] LiveBook: 3 Games} Nd7 {[%emt 0:01:31] B38: Sicilian: Maroczy Bind with 5...Bg7 and 7...0-0} 13. Bxg7 Kxg7 14. f4 $146 ({Predecessor:} 14. Qd4+ Kg8 15. Rae1 a5 16. f4 Qb6 17. Qxb6 Nxb6 18. Nd5 Bxd5 19. exd5 Rfc8 20. Bd3 {1-0 (42) Kazimova,N (2302)-Pirverdiyev,A (2343) Baku 2016}) 14... a5 15. Qc2 a4 16. Nd5 ({White should play} 16. Rab1 $11) 16... Bxd5 17. exd5 Qb6+ 18. Kh1 axb3 19. axb3 Rxa1 20. Rxa1 Qd4 21. Rf1 Ra8 22. h3 Ra1 23. Rxa1 Qxa1+ 24. Kh2 (24. Bd1 $17) 24... Qd4 25. Kg3 Qe3+ 26. Bf3 Qe1+ (26... Nc5 $19 {is more deadly.} 27. Qb2+ Kg8) 27. Qf2 Qxf2+ $2 (27... Qc3 $17 28. Kh2 Qxb3 29. Qd4+ f6) 28. Kxf2 Nc5 29. Bd1 Kf8 30. Ke3 Ke8 31. Kd4 Kd8 32. g4 f6 33. h4 e5+ 34. dxe6 Nxe6+ 35. Kd5 Ke7 36. f5 gxf5 37. gxf5 Nc7+ 38. Kd4 b6 39. Bf3 Kd7 40. Bd5 Na6 41. Be6+ Ke7 42. Bc8 Nc7 43. b4 Kd8 44. Bb7 Ke7 45. Ke4 Kd8 46. Bd5 Nxd5 $2 (46... Na6 $11) 47. Kxd5 Kd7 48. h5 h6 49. b5 Ke7 50. Kc6 Kd8 51. Kxd6 Kc8 52. Kc6 Kd8 53. Kxb6 Kd7 54. c5 Kc8 55. Kc6 Kb8 56. Kd6 Kb7 57. Ke6 Kc7 58. Kxf6 1-0

[Event "FIDE WCCC G12 2018"]
[Site "Santiago de Compostela"]
[Date "2018.11.11"]
[Round "7"]
[White "Omonova, Umida"]
[Black "Oz, Irem Ezra"]
[Result "1-0"]
[ECO "B42"]
[WhiteElo "1854"]
[BlackElo "1564"]
[Annotator "NA RC"]
[PlyCount "103"]
[EventDate "2018.11.04"]
[EventType "swiss"]
[EventCountry "ESP"]
[SourceTitle "playchess.com"]
[Source "ChessBase"]
[SourceQuality "1"]
[TimeControl "40/5400+30:1800+30"]

1. e4 c5 2. Nf3 e6 3. d4 cxd4 4. Nxd4 a6 {[%emt 0:00:44] LiveBook: 25624 Games} 5. Bd3 Bc5 6. Nb3 Ba7 7. Qe2 d6 8. Nc3 {[%emt 0:00:27] B42: Sicilian: Kan Variation: 5 Bd3} e5 (8... Ne7 9. Be3 Nbc6 10. f4 b5 11. a4 b4 12. Nd1 Ng6 13. g3 O-O 14. Bxa7 Rxa7 15. Ne3 Na5 16. Nxa5 Qxa5 17. b3 Qc5 {1-0 (46) Svidler,P (2765)-Romanov,E (2626) St Petersburg 2017}) 9. O-O Ne7 10. Kh1 O-O 11. f4 exf4 $1 12. Bxf4 Ng6 13. Bg3 $146 ({Predecessor:} 13. Be3 Bxe3 14. Qxe3 Nc6 15. Nd5 {0-1 (52) Hamid,R (2169)-Ortiz Aguirre,N (2184) Turin 2006}) 13... Nc6 14. Bc4 Nge5 15. Bd5 Qc7 16. h3 Be6 17. Rad1 Rad8 18. Bh4 Rd7 19. Qh5 Qb8 20. Ne2 Bxd5 21. exd5 Ne7 22. Ned4 N7g6 23. Nf5 Nxh4 24. Qxh4 Ng6 25. Qg3 Qd8 26. Rde1 Re8 27. Rxe8+ Qxe8 28. Re1 Qd8 29. Qc3 Qf8 30. Re8 f6 31. Qc8 Rf7 32. Nxd6 Re7 33. Rxf8+ Nxf8 34. Qc3 Re3 35. Qd2 Re7 36. Nc8 Re8 37. Nxa7 Nd7 $18 38. Qb4 b5 39. Nc5 Nxc5 40. Qxc5 Kf7 41. d6 Re5 42. Qc7+ Kg6 43. d7 Rd5 44. d8=Q Rxd8 45. Qxd8 Kh5 46. Nc6 Kg6 47. Qe8+ Kg5 48. Nd4 Kh6 49. h4 g6 50. g4 Kg7 51. Ne6+ Kh6 52. Qf8# 1-0

[Event "FIDE WCCC G12 2018"]
[Site "Santiago de Compostela"]
[Date "2018.11.11"]
[Round "7"]
[White "Shuqja, Klean"]
[Black "Savitha Shri B"]
[Result "0-1"]
[ECO "B40"]
[WhiteElo "1798"]
[BlackElo "1745"]
[Annotator "NA RC"]
[PlyCount "64"]
[EventDate "2018.11.04"]
[EventType "swiss"]
[EventCountry "ESP"]
[SourceTitle "playchess.com"]
[Source "ChessBase"]
[SourceQuality "1"]
[TimeControl "40/5400+30:1800+30"]

1. e4 c5 2. Nf3 e6 3. d4 cxd4 4. Nxd4 Nf6 5. Nc3 Nc6 6. Be3 Bb4 7. Bd3 d5 8. exd5 Nxd5 9. Nxc6 bxc6 10. Bd2 O-O 11. Nxd5 Bxd2+ 12. Qxd2 cxd5 13. O-O e5 14. Rfd1 Be6 15. Rac1 Rc8 16. b3 f5 17. Qe1 Qf6 18. c4 d4 19. c5 Kh8 20. b4 Bd5 21. Bc4 Ba8 22. a4 Qg6 23. Bf1 f4 24. b5 Bf3 25. Rd2 Rf5 26. g3 e4 27. Rxd4 e3 28. Bh3 exf2+ 29. Qxf2 fxg3 30. hxg3 Qh6 31. Rcd1 Qxh3 32. Qxf3 Rxf3 0-1

[Event "FIDE WCCC G12 2018"]
[Site "Santiago de Compostela"]
[Date "2018.11.11"]
[Round "7"]
[White "Wagner, Margarethe"]
[Black "Ke, Rianne"]
[Result "0-1"]
[ECO "B76"]
[WhiteElo "1766"]
[BlackElo "1600"]
[Annotator "NA RC"]
[PlyCount "88"]
[EventDate "2018.11.04"]
[EventType "swiss"]
[EventCountry "ESP"]
[SourceTitle "playchess.com"]
[Source "ChessBase"]
[SourceQuality "1"]
[TimeControl "40/5400+30:1800+30"]

1. e4 c5 2. Nf3 d6 3. d4 cxd4 4. Nxd4 Nf6 5. Nc3 g6 6. Be3 Bg7 7. f3 O-O 8. Qd2 Nc6 9. g4 Be6 10. h4 h5 11. gxh5 Nxd4 12. Bxd4 Nxh5 13. O-O-O Qa5 14. a3 Rab8 15. Bxg7 Kxg7 16. Qd4+ Kh7 17. Rg1 Qc5 18. Qxc5 dxc5 19. Nb5 a6 20. Nc7 Nf4 21. Nxe6 Nxe6 22. Rd7 Rfd8 23. Rxd8 Nxd8 24. Bh3 Nc6 25. Rg5 e5 26. c3 Rd8 27. Kc2 b5 28. Bf1 f6 29. Rg2 Na5 30. b3 c4 31. bxc4 Nxc4 32. Bxc4 bxc4 33. Rf2 Rd3 34. f4 Re3 35. fxe5 fxe5 36. Rf6 Rxe4 37. Rxa6 Rxh4 38. Re6 Rh2+ 39. Kb1 Re2 40. a4 g5 41. Rf6 g4 42. Rf1 g3 43. a5 Rf2 44. Rg1 g2 0-1

[Event "FIDE WCCC G12 2018"]
[Site "Santiago de Compostela"]
[Date "2018.11.11"]
[Round "7"]
[White "Dakic, Marta"]
[Black "Menon, Gauri"]
[Result "1-0"]
[ECO "C54"]
[WhiteElo "1756"]
[BlackElo "1592"]
[Annotator "NA RC"]
[PlyCount "89"]
[EventDate "2018.11.04"]
[EventType "swiss"]
[EventCountry "ESP"]
[SourceTitle "playchess.com"]
[Source "ChessBase"]
[SourceQuality "1"]
[TimeControl "40/5400+30:1800+30"]

1. e4 e5 2. Nf3 Nc6 3. Bc4 Bc5 4. c3 Nf6 5. d3 a6 6. O-O Ba7 7. Bb3 d6 8. h3 h6 9. Re1 O-O 10. Be3 Bxe3 11. Rxe3 Re8 12. Nbd2 d5 13. Re1 d4 14. c4 Nb4 15. Nf1 c5 16. a3 Nc6 17. Ng3 g6 18. Qd2 Kg7 19. Ba4 Bd7 20. b4 Na7 21. Bb3 b6 22. bxc5 bxc5 23. Qc2 Qa5 24. Reb1 Rab8 25. Qc1 Bc6 26. Nh4 Bd7 27. f4 exf4 28. Qxf4 Qc3 29. e5 Nh7 30. Rf1 Rf8 31. e6 Bxe6 32. Qe5+ f6 33. Qxe6 Qxb3 34. Qe7+ Rf7 35. Qe4 f5 36. Qe5+ Nf6 37. Nhxf5+ gxf5 38. Nh5+ Kf8 39. Qd6+ Kg8 40. Nxf6+ Kg7 41. Rf3 Qb7 42. Rxf5 Qe7 43. Qg3+ Kh8 44. Qxb8+ Kg7 45. Qg8# 1-0

[Event "FIDE WCCC G12 2018"]
[Site "Santiago de Compostela"]
[Date "2018.11.11"]
[Round "7"]
[White "Mihelic, Vesna"]
[Black "Tsirekidze, Barbare"]
[Result "1-0"]
[ECO "B08"]
[WhiteElo "1741"]
[BlackElo "1611"]
[Annotator "NA RC"]
[PlyCount "115"]
[EventDate "2018.11.04"]
[EventType "swiss"]
[EventCountry "ESP"]
[SourceTitle "playchess.com"]
[Source "ChessBase"]
[SourceQuality "1"]
[TimeControl "40/5400+30:1800+30"]

1. e4 d6 2. d4 g6 3. Nc3 Bg7 4. Nf3 Nf6 5. Be2 O-O 6. O-O c6 7. a4 Nbd7 8. h3 Qc7 9. Be3 a6 10. Qd2 e5 11. dxe5 dxe5 12. Rfd1 Re8 13. a5 Bf8 14. Bc4 Nc5 15. Ng5 Be6 16. Nxe6 Nxe6 17. Bb6 Qe7 18. Bxe6 Qxe6 19. Qd3 Be7 20. Na4 Bd8 21. Nc5 Qe7 22. Qd6 Bxb6 23. axb6 Kg7 24. f3 Nh5 25. Qxe7 Rxe7 26. Rd2 Nf4 27. Rad1 Ne6 28. Nxe6+ fxe6 29. Kf2 a5 30. Rd8 Ra6 31. R1d7 Kf7 32. Rxe7+ Kxe7 33. Rh8 Rxb6 34. Rxh7+ Kf6 35. b3 Rb4 36. Ke3 Kg5 37. h4+ Kf6 38. g4 g5 39. h5 a4 40. bxa4 Rxa4 41. Rxb7 Ra3+ 42. Rb3 Ra4 43. Rc3 Ra6 44. Rc5 Ra3+ 45. c3 Ra6 46. Kd3 Rb6 47. Kc4 Rb2 48. Rxc6 Rf2 49. Rc8 Kg7 50. Rc7+ Kf6 51. h6 Rxf3 52. h7 Rh3 53. Kb5 Kg6 54. c4 Rb3+ 55. Kc6 Rc3 56. h8=Q Rxc4+ 57. Kd6 Rd4+ 58. Ke7 1-0

[Event "FIDE WCCC G12 2018"]
[Site "Santiago de Compostela"]
[Date "2018.11.11"]
[Round "7"]
[White "Volovich, Julia"]
[Black "Munkhzul, Davaakhuu"]
[Result "1-0"]
[ECO "D15"]
[WhiteElo "1735"]
[BlackElo "1781"]
[Annotator "NA RC"]
[PlyCount "79"]
[EventDate "2018.11.04"]
[EventType "swiss"]
[EventCountry "ESP"]
[SourceTitle "playchess.com"]
[Source "ChessBase"]
[SourceQuality "1"]
[TimeControl "40/5400+30:1800+30"]

1. d4 d5 2. c4 c6 3. Nf3 Nf6 4. Nc3 a6 5. a4 a5 6. cxd5 cxd5 7. Bf4 e6 8. e3 Bd6 9. Bb5+ Nc6 10. Ne5 Bxe5 11. dxe5 Ng8 12. Qg4 Kf8 13. O-O h5 14. Qg3 h4 15. Qg4 f5 16. Qg6 Nce7 17. Qg5 g6 18. g4 b6 19. Ne2 Kf7 20. Nd4 Bb7 21. Kh1 fxg4 22. Qxg4 Nf5 23. Rg1 Nge7 24. Bg5 Bc8 25. Bxe7 Nxe7 26. Qg5 Qf8 27. Nc6 Nxc6 28. Qf6+ Ke8 29. Bxc6+ Bd7 30. Qxe6+ Qe7 31. Bxd7+ Kd8 32. Qxe7+ Kxe7 33. Bc6 Raf8 34. f4 d4 35. exd4 Rxf4 36. d5 Rg8 37. Raf1 Rb4 38. Rf6 g5 39. Rgf1 Rxb2 40. d6+ {[%emt 0:00:00] Rh8} 1-0

[Event "FIDE WCCC G12 2018"]
[Site "Santiago de Compostela"]
[Date "2018.11.11"]
[Round "7"]
[White "Hernandez Tellez, Claudia"]
[Black "Kovacsi, Sara Kata"]
[Result "1/2-1/2"]
[ECO "B51"]
[WhiteElo "1721"]
[BlackElo "1554"]
[Annotator "NA RC"]
[PlyCount "64"]
[EventDate "2018.11.04"]
[EventType "swiss"]
[EventCountry "ESP"]
[SourceTitle "playchess.com"]
[Source "ChessBase"]
[SourceQuality "1"]
[TimeControl "40/5400+30:1800+30"]

1. e4 c5 2. Nf3 d6 3. Bb5+ Nd7 4. d4 cxd4 5. Qxd4 a6 6. Bxd7+ Bxd7 7. Nc3 Nf6 8. h3 e5 9. Qd3 h6 10. O-O Rc8 11. Rd1 Qc7 12. Be3 Be7 13. Nd2 b5 14. a3 O-O 15. Rac1 Qb7 16. Nb3 Rfd8 17. Nd5 Nxd5 18. exd5 Bf6 19. c3 Re8 20. Nd2 Be7 21. f3 f5 22. g4 Rf8 23. Kg2 Rf6 24. Rf1 Rcf8 25. Rf2 R6f7 26. Rff1 Bh4 27. Nb3 Bd8 28. Rcd1 Bb6 29. Bxb6 Qxb6 30. Qe2 a5 31. Nc1 fxg4 32. hxg4 Bc8 1/2-1/2

[Event "FIDE WCCC G12 2018"]
[Site "Santiago de Compostela"]
[Date "2018.11.11"]
[Round "7"]
[White "Rueda Nessi, Juana"]
[Black "Nurmanova, Alua"]
[Result "0-1"]
[ECO "B23"]
[WhiteElo "1642"]
[BlackElo "1780"]
[Annotator "NA RC"]
[PlyCount "84"]
[EventDate "2018.11.04"]
[EventType "swiss"]
[EventCountry "ESP"]
[SourceTitle "playchess.com"]
[Source "ChessBase"]
[SourceQuality "1"]
[TimeControl "40/5400+30:1800+30"]

1. e4 c5 2. Nc3 d6 3. f4 Nc6 4. Nf3 Nf6 5. Bc4 g6 6. d3 Bg7 7. O-O O-O 8. Qe1 e6 9. Nh4 Nd4 10. Bb3 d5 11. Nf3 a6 12. e5 Nxf3+ 13. Rxf3 Nd7 14. Nd1 b5 15. c3 c4 16. dxc4 dxc4 17. Bc2 Bb7 18. Re3 Nc5 19. Nf2 Qe7 20. Ne4 Bxe4 21. Bxe4 Ra7 22. Bd2 Rd8 23. Rd1 Rad7 24. Qf2 Bf8 25. Bc2 Rd5 26. Re2 Qd7 27. Kh1 Nd3 28. Bxd3 Rxd3 29. Qb6 Qc8 30. Qf2 Bc5 31. Qe1 Qd7 32. a4 b4 33. h4 h5 34. Kh2 bxc3 35. bxc3 Ba3 36. a5 Bb2 37. Qf2 Bxc3 38. Bxc3 Rxd1 39. Qb6 Qd3 40. Re3 Qf1 41. Re1 Qxf4+ 42. g3 R8d2+ 0-1

[Event "FIDE WCCC G12 2018"]
[Site "Santiago de Compostela"]
[Date "2018.11.11"]
[Round "7"]
[White "Zavivaeva, Emilia"]
[Black "Sevcikova, Lucia"]
[Result "1-0"]
[ECO "B13"]
[WhiteElo "1633"]
[BlackElo "1768"]
[Annotator "NA RC"]
[PlyCount "97"]
[EventDate "2018.11.04"]
[EventType "swiss"]
[EventCountry "ESP"]
[SourceTitle "playchess.com"]
[Source "ChessBase"]
[SourceQuality "1"]
[TimeControl "40/5400+30:1800+30"]

1. e4 c6 2. d4 d5 3. exd5 cxd5 4. Bd3 Nc6 5. c3 Qc7 6. h3 Nf6 7. Nf3 e6 8. O-O Bd6 9. Re1 O-O 10. Bg5 Nd7 11. Be3 a6 12. Nbd2 b5 13. a4 b4 14. c4 dxc4 15. Nxc4 Be7 16. Rc1 Qb7 17. Be4 Nf6 18. Na5 Qc7 19. Bxc6 Rb8 20. Nb3 Qd6 21. Ne5 Nd5 22. Bxd5 Qxd5 23. Nc6 Rb7 24. Nxe7+ Rxe7 25. Nc5 Rd8 26. Qb3 Qxb3 27. Nxb3 Bd7 28. Nc5 Be8 29. Nxa6 Bxa4 30. Nxb4 Rb7 31. Nd3 Be8 32. Rc3 h6 33. Rec1 Bd7 34. b3 Rb5 35. Ne5 Be8 36. Rc8 Rb8 37. Rxd8 Rxd8 38. Bd2 f6 39. Nf3 Bh5 40. Ba5 Rd5 41. b4 Bxf3 42. gxf3 Rxd4 43. b5 Rd5 44. Rb1 Rd7 45. b6 Rb7 46. Rc1 Kh7 47. Rc7 Rb8 48. b7 e5 49. Bb6 1-0

[Event "FIDE WCCC G12 2018"]
[Site "Santiago de Compostela"]
[Date "2018.11.11"]
[Round "7"]
[White "Alimova, Dana"]
[Black "Boramanikar Tanisha S"]
[Result "1/2-1/2"]
[ECO "B24"]
[WhiteElo "1628"]
[BlackElo "1716"]
[Annotator "NA RC"]
[PlyCount "181"]
[EventDate "2018.11.04"]
[EventType "swiss"]
[EventCountry "ESP"]
[SourceTitle "playchess.com"]
[Source "ChessBase"]
[SourceQuality "1"]
[TimeControl "40/5400+30:1800+30"]

1. e4 c5 2. Nc3 Nc6 3. Bb5 Nd4 4. Nf3 Nxb5 5. Nxb5 g6 6. d4 Bg7 7. c3 Qa5 8. Na3 cxd4 9. Nxd4 Nf6 10. f3 O-O 11. O-O Qh5 12. c4 d6 13. Be3 Bd7 14. Nb1 Rac8 15. Qd3 Bc6 16. Nc3 b6 17. Nd5 Bxd5 18. cxd5 Nd7 19. Nc6 Rfe8 20. Bd4 Ne5 21. Bxe5 Bxe5 22. Nxe5 Qxe5 23. Rab1 f5 24. Rfe1 f4 25. Qb5 Qd4+ 26. Kh1 Red8 27. Rbd1 Qc4 28. Qxc4 Rxc4 29. Rd2 Rdc8 30. Kg1 Rc2 31. Red1 Kf7 32. Kf2 Kf6 33. Ke2 Ke5 34. Kd3 Rc1 35. Rxc1 Rxc1 36. Ke2 g5 37. Kf2 h5 38. h3 a5 39. a3 b5 40. Ke2 g4 41. hxg4 hxg4 42. Kf2 Rc4 43. Ke2 g3 44. Kf1 b4 45. axb4 axb4 46. Ke2 b3 47. Rd3 Rc2+ 48. Rd2 Rc1 49. Rd1 Rc8 50. Rd3 Rh8 51. Rd2 Rh1 52. Kd3 Rc1 53. Ke2 Kf6 54. Rd1 Rc2+ 55. Rd2 Rc8 56. Rd3 Rh8 57. Rd2 e5 58. Kd3 Rc8 59. Ke2 Ke7 60. Rd3 Rh8 61. Rd2 Kd7 62. Kd3 Rc8 63. Ke2 Kc7 64. Rd3 Rh8 65. Rd2 Kb6 66. Kd3 Rc8 67. Ke2 Kb5 68. Rd1 Kb4 69. Rd3 Rh8 70. Rd2 Kc4 71. Rd1 Rh2 72. Rg1 Kb4 73. Kd2 Rh7 74. Ke2 Rc7 75. Rd1 Rc2+ 76. Rd2 Kc4 77. Rxc2+ bxc2 78. Kd2 Kd4 79. b4 c1=Q+ 80. Kxc1 Kc4 81. Kc2 Kxb4 82. Kb2 Kc4 83. Kc2 Kb4 84. Kb2 Kb5 85. Kb3 Kc5 86. Kc3 Kb5 87. Kb3 Ka5 88. Ka3 Kb5 89. Kb3 Kc5 90. Kc3 Kb5 91. Kb3 1/2-1/2

[Event "FIDE WCCC G12 2018"]
[Site "Santiago de Compostela"]
[Date "2018.11.11"]
[Round "7"]
[White "Voriskova, Anna"]
[Black "Ivanova, Dilyana"]
[Result "1-0"]
[ECO "B40"]
[WhiteElo "1601"]
[BlackElo "1775"]
[Annotator "NA RC"]
[PlyCount "81"]
[EventDate "2018.11.04"]
[EventType "swiss"]
[EventCountry "ESP"]
[SourceTitle "playchess.com"]
[Source "ChessBase"]
[SourceQuality "1"]
[TimeControl "40/5400+30:1800+30"]

1. e4 c5 2. Nf3 e6 3. d3 Nc6 4. g3 Nge7 5. Bg2 g6 6. O-O Bg7 7. Re1 d6 8. c3 e5 9. c4 O-O 10. Nc3 h6 11. Nh4 g5 12. Nf3 f5 13. exf5 Nxf5 14. Nd5 Nfd4 15. Nxd4 exd4 16. f4 g4 17. a3 Bf5 18. b4 Rf7 19. Qe2 Kf8 20. Be4 Bxe4 21. Qxe4 Qd7 22. Bd2 Ne7 23. Nxe7 Rxe7 24. Qd5 Rc8 25. Rxe7 Kxe7 26. Re1+ Kd8 27. Re6 Bf8 28. f5 Kc7 29. bxc5 dxc5 30. Bf4+ Kd8 31. Bd6 Bg7 32. Re7 Qxe7 33. Bxe7+ Kxe7 34. Qxb7+ Kd8 35. Qxg7 Rc7 36. Qxh6 Ke8 37. f6 Rf7 38. Qg6 a5 39. Qg8+ Rf8 40. Qe6+ Kd8 41. Qe7+ 1-0

[Event "FIDE WCCC G12 2018"]
[Site "Santiago de Compostela"]
[Date "2018.11.11"]
[Round "7"]
[White "Lobo Pereira, Arami"]
[Black "Cornileau, Juliette"]
[Result "0-1"]
[ECO "D31"]
[WhiteElo "1592"]
[BlackElo "1740"]
[Annotator "NA RC"]
[PlyCount "100"]
[EventDate "2018.11.04"]
[EventType "swiss"]
[EventCountry "ESP"]
[SourceTitle "playchess.com"]
[Source "ChessBase"]
[SourceQuality "1"]
[TimeControl "40/5400+30:1800+30"]

1. d4 d5 2. c4 e6 3. Nc3 Be7 4. Bf4 Nf6 5. e3 O-O 6. Bd3 c5 7. Nf3 a6 8. b3 Nc6 9. O-O cxd4 10. exd4 h6 11. a3 Bd6 12. Bxd6 Qxd6 13. c5 Qd8 14. b4 Re8 15. Re1 Qc7 16. h3 Bd7 17. b5 axb5 18. Nxb5 Qa5 19. Nd6 Reb8 20. Qc2 Ne8 21. Bh7+ Kf8 22. Ne5 Nxe5 23. dxe5 Nxd6 24. cxd6 Rc8 25. Qb1 b5 26. Bd3 Rc3 27. Rc1 Rac8 28. Rxc3 Qxc3 29. Qf1 Qxe5 30. Rb1 Qxd6 31. Bxb5 Bxb5 32. Qxb5 Qxa3 33. Qf1 d4 34. Rd1 Rd8 35. Qc4 e5 36. Qc7 Qd6 37. Qxd6+ Rxd6 38. Kf1 Ke7 39. Ke2 Ke6 40. Kd3 Kd5 41. Re1 Rb6 42. Ra1 e4+ 43. Kd2 Kc4 44. Ra4+ Rb4 45. Ra2 d3 46. Ke3 Kc3 47. f3 f5 48. g3 Rb2 49. Ra1 Re2+ 50. Kf4 d2 0-1

[Event "FIDE WCCC G12 2018"]
[Site "Santiago de Compostela"]
[Date "2018.11.11"]
[Round "7"]
[White "Cai, Jinru"]
[Black "Vicze, Kata"]
[Result "0-1"]
[ECO "A05"]
[WhiteElo "1578"]
[BlackElo "1828"]
[Annotator "NA RC"]
[PlyCount "146"]
[EventDate "2018.11.04"]
[EventType "swiss"]
[EventCountry "ESP"]
[SourceTitle "playchess.com"]
[Source "ChessBase"]
[SourceQuality "1"]
[TimeControl "40/5400+30:1800+30"]

1. Nf3 Nf6 2. g3 d5 3. Bg2 Bg4 4. d3 c6 5. O-O Nbd7 6. Nbd2 e6 7. h3 Bh5 8. e4 Bd6 {[%emt 0:02:37] A07: Réti Opening: New York and Capablanca Systems} (8... dxe4 9. dxe4 e5 10. Qe1 Be7 11. Nh4 O-O 12. Nf5 Bc5 13. Nc4 a5 14. a4 Bg6 15. Bd2 b6 16. Bc3 Qc7 17. Nh4 {1-0 (59) Malakhov,V (2692)-Lysyj,I (2620) Budva 2009}) 9. Qe2 Qc7 10. Re1 dxe4 11. dxe4 {[%emt 0:01:59] LiveBook: 3 Games} Ne5 12. g4 Bg6 13. Nxe5 Bxe5 14. Nc4 $146 h5 15. Nxe5 Qxe5 16. g5 Nd7 17. f4 Qb5 18. c4 Qa5 19. f5 Bh7 20. fxe6 fxe6 21. Qxh5+ g6 22. Qe2 O-O-O 23. Bd2 Qc7 24. Bc3 e5 25. b3 Bg8 26. Qg4 (26. Red1 $16) 26... Re8 (26... Qb6+ $14 27. Kh2 Re8) 27. Re3 Be6 28. Qg3 Rh5 29. Kf2 Rf8+ 30. Ke2 Rf4 31. Rf1 Rfh4 32. Rd3 b6 33. Rh1 Qd8 34. Bd2 Kc7 35. c5 Qf8 36. Rd6 $2 (36. Be3 $14 {stays ahead.}) 36... Nxc5 37. Rxe6 Nxe6 38. Qxe5+ Qd6 39. Qxd6+ Kxd6 40. Be1 $2 (40. Ke3 $17) 40... Nf4+ ({And not} 40... Rxg5 41. Bxh4 Rxg2+ 42. Bf2 $14) ({Not} 40... Nxg5 41. Ke3 $15) 41. Kf3 Nxg2 42. Bg3+ Ke6 43. Bxh4 Nxh4+ ({And not} 43... Rxh4 44. Kxg2 Rxe4 45. Rf1 $11) 44. Kg3 Ke5 45. Rc1 c5 46. Rf1 Kxe4 47. Rf4+ Ke3 48. Rxh4 Rxh4 49. Kxh4 Kf4 50. a4 Kf5 (50... Kf3 $142 51. a5 bxa5 52. b4 c4 53. bxa5 c3 54. a6 Ke3 55. Kg3 c2 56. h4 c1=Q 57. Kg2 Qb2+ 58. Kg3 Qf2+ 59. Kh3 Kf4 60. h5 Qg3#) 51. Kg3 Kxg5 52. h4+ Kh5 53. Kh3 a6 54. Kg3 b5 55. Kf4 Kxh4 56. Ke5 g5 57. axb5 axb5 58. Kd5 {[%emt 0:00:03] [#]} c4 59. bxc4 bxc4 60. Kxc4 Kg3 61. Kd4 Kf2 62. Ke4 g4 63. Kf4 g3 64. Ke5 g2 65. Ke4 g1=Q 66. Ke5 Ke3 67. Kd5 Qg5+ 68. Kc6 Kd4 69. Kd6 Qf6+ 70. Kc7 Kc5 71. Kb8 Qe7 72. Ka8 Kb6 73. Kb8 Qd8# 0-1

[Event "FIDE WCCC G12 2018"]
[Site "Santiago de Compostela"]
[Date "2018.11.11"]
[Round "7"]
[White "Baalla, Nura"]
[Black "Butenandt, Svenja"]
[Result "1/2-1/2"]
[ECO "B40"]
[WhiteElo "1565"]
[BlackElo "1775"]
[Annotator "NA RC"]
[PlyCount "150"]
[EventDate "2018.11.04"]
[EventType "swiss"]
[EventCountry "ESP"]
[SourceTitle "playchess.com"]
[Source "ChessBase"]
[SourceQuality "1"]
[TimeControl "40/5400+30:1800+30"]

1. e4 c5 2. Nf3 e6 3. d4 cxd4 4. Nxd4 Nf6 5. Bd3 d6 6. c4 Be7 7. Nc3 a6 8. O-O O-O 9. Qe2 Nbd7 10. f4 Qc7 11. f5 e5 12. Nc2 Nc5 13. Ne3 Bd7 14. Ned5 Nxd5 15. Nxd5 Qd8 16. b4 Nxd3 17. Qxd3 Kh8 18. Rf3 Bc6 19. Nxe7 Qxe7 20. Rh3 f6 21. Qg3 Bxe4 22. Qg6 h6 23. Bxh6 Kg8 24. Be3 Qd7 25. Rf1 Rac8 26. Qh7+ Kf7 27. Bh6 Ke8 28. Bxg7 Rf7 29. Qg6 Kd8 30. Bxf6+ Kc7 31. c5 Rcf8 32. cxd6+ Qxd6 33. Rh7 Bd5 34. Re1 e4 35. Rxf7+ Rxf7 36. Bc3 Qf4 37. f6 e3 38. Qg3 Qxg3 39. hxg3 Bxa2 40. Rxe3 Kd7 41. g4 Bb1 42. g5 Bg6 43. Rh3 Ke6 44. Rh6 Kf5 45. g4+ Kxg5 46. Rh2 Kxg4 47. Rf2 Bd3 48. Be5 Bb5 49. Rf4+ Kg5 50. Kf2 Kg6 51. Ke3 Rd7 52. Bd4 Kf7 53. Rg4 Bc6 54. Bc3 Bb5 55. Kf4 Bc6 56. Rg3 Bb5 57. Be5 Ba4 58. Rg1 Bb5 59. Kg5 Rd8 60. Kf5 Bd3+ 61. Kf4 Rd7 62. Bc3 Bb5 63. Ke5 Bc6 64. Rg7+ Ke8 65. Ke6 Bd5+ 66. Ke5 Bc6 67. Ke6 Bd5+ 68. Ke5 Bc6 69. Rg3 Kf7 70. Kf5 Rd5+ 71. Be5 Rd7 72. Rg7+ Ke8 73. Kg6 Be4+ 74. Kh6 Rxg7 75. fxg7 Kf7 1/2-1/2

[Event "FIDE WCCC G12 2018"]
[Site "Santiago de Compostela"]
[Date "2018.11.11"]
[Round "7"]
[White "Zhai, Pinran"]
[Black "Denic, Hana"]
[Result "1/2-1/2"]
[ECO "C66"]
[WhiteElo "1558"]
[BlackElo "1636"]
[Annotator "NA RC"]
[PlyCount "89"]
[EventDate "2018.11.04"]
[EventType "swiss"]
[EventCountry "ESP"]
[SourceTitle "playchess.com"]
[Source "ChessBase"]
[SourceQuality "1"]
[TimeControl "40/5400+30:1800+30"]

1. e4 e5 2. Nf3 Nc6 3. Bb5 d6 4. O-O Nf6 5. d3 Be7 6. h3 Bd7 7. c3 a6 8. Ba4 O-O 9. Be3 h6 10. Nbd2 b5 11. Bc2 Nh7 12. d4 exd4 13. Nxd4 Nxd4 14. cxd4 f5 15. exf5 Bxf5 16. Bxf5 Rxf5 17. Qg4 Rf7 18. Bxh6 Qc8 19. Qxc8+ Rxc8 20. Be3 Nf6 21. Nf3 Nd5 22. Bd2 Nf4 23. b3 Nxh3+ 24. gxh3 Rxf3 25. Kg2 Rf5 26. Rac1 c5 27. Rfe1 Kf7 28. Kg3 Rh8 29. dxc5 dxc5 30. Be3 Rd8 31. Rc2 Rdd5 32. Rec1 Ke6 33. Re2 Kd7 34. Rec2 Kc6 35. Re2 Bf6 36. Kg4 Rfe5 37. Rec2 Be7 38. Kf3 Bg5 39. Rg1 Rf5+ 40. Ke2 Rde5 41. Rg2 Re6 42. Kd2 Bxe3+ 43. fxe3 g6 44. Ke2 Rfe5 45. Rg3 1/2-1/2

[Event "FIDE WCCC G12 2018"]
[Site "Santiago de Compostela"]
[Date "2018.11.11"]
[Round "7"]
[White "Kaldarova, Ayaulym"]
[Black "Wang, Ellen"]
[Result "0-1"]
[ECO "B42"]
[WhiteElo "1526"]
[BlackElo "1711"]
[Annotator "NA RC"]
[PlyCount "110"]
[EventDate "2018.11.04"]
[EventType "swiss"]
[EventCountry "ESP"]
[SourceTitle "playchess.com"]
[Source "ChessBase"]
[SourceQuality "1"]
[TimeControl "40/5400+30:1800+30"]

1. e4 c5 2. Nf3 e6 3. d4 cxd4 4. Nxd4 a6 5. Bd3 Nf6 6. O-O Qc7 7. Qe2 d6 8. c4 g6 9. Nc3 Bg7 10. Kh1 O-O 11. f4 Nbd7 12. Nb3 b6 13. Bd2 Bb7 14. Rae1 Rad8 15. Rf3 Nc5 16. Bb1 Nfd7 17. Nxc5 dxc5 18. Rd3 Nb8 19. Be3 Nc6 20. Red1 Nd4 21. Qf2 Rfe8 22. R3d2 Qe7 23. e5 f6 24. Bxd4 cxd4 25. Rxd4 fxe5 26. R4d2 exf4 27. Qxf4 Rxd2 28. Qxd2 Rf8 29. Qe3 Qf6 30. h3 Qf2 31. Qxe6+ Kh8 32. Nd5 Bc8 33. Qe3 Qxb2 34. Nxb6 Bb7 35. Nd5 Ba8 36. Re1 a5 37. Qe7 Qf2 38. Qe3 Qb2 39. Qe7 Qf2 40. Qe3 Qf7 41. Qc5 h6 42. Ne7 Bxg2+ 43. Kg1 Ba8 44. Nxg6+ Kg8 45. Ne7+ Kh8 46. Bf5 Re8 47. Re3 Bf6 48. Ng6+ Kg7 49. Rg3 Bg5 50. h4 Qf6 51. Qc7+ Kg8 52. Kf2 Qb2+ 53. Kf1 Qe2+ 54. Kg1 Qe1+ 55. Kh2 Qh1# 0-1